 Dungeon Crawl Stone Soup version 0.30-a0-359-gd0147acb1a (webtiles) character file.

Game seed: 2302091303901520638

7370 oldriver the Thaumaturge (level 10, -1/72 HPs)
             Began as a Mummy Necromancer on Nov 12, 2022.
             Was an Elder of Hepliaklqana.
             Shot with an arrow by a centaur warrior (13 damage)
             ... on level 9 of the Dungeon.
             The game lasted 00:21:37 (10292 turns).

oldriver the Thaumaturge (Mummy Necromancer)       Turns: 10292, Time: 00:21:37

Health: -1/72      AC: 10    Str: 11    XL:     10   Next: 91%
Magic:  26/27      EV: 12    Int: 19    God:    Hepliaklqana [****..]
Gold:   286        SH:  5    Dex: 19    Spells: 27/36 levels left

rFire   . . .      SeeInvis .    c - +3 whip (venom)
rCold   + . .      Faith    +    g - +1 buckler
rNeg    + + +      Spirit   .    o - +2 robe {rF+}
rPois   ∞          Reflect  .    n - +2 helmet
rElec   .          Harm     .    b - +1 cloak
rCorr   .          Rampage  .    (no gloves)
Will    +....                    u - +0 pair of boots
Stlth   ++........               k - amulet of magic regeneration
HPRegen 0.32/turn                p - +6 ring of dexterity
MPRegen 0.60/turn                (no ring)

@: no status effects
A: reduced essence, cold resistance 1, negative energy resistance 3, torment
resistance 2, heat vulnerability 1, in touch with death 1, no potions, faith
a: Renounce Religion, Recall Ancestor, Ancestor Identity, Transference, Idealise


You were on level 9 of the Dungeon.
You worshipped Hepliaklqana.
Hepliaklqana was greatly pleased with you.
You visited 2 branches of the dungeon, and saw 10 of its levels.

You collected 437 gold pieces.
You spent 151 gold pieces at shops.

Inventory:

Hand Weapons
 c - a +3 whip of venom (weapon)
Armour
 b - a +1 cloak (worn)
 g - a +1 buckler (worn)
 h - the +1 robe "Icseso" {MP+9 Dex+2}
   (You found it on level 3 of the Dungeon)

   Dex:       It affects your dexterity (+2).
   MP:        It affects your magic capacity (+9).
 n - a +2 helmet (worn)
 o - a +2 robe of fire resistance (worn)
 u - a +0 pair of boots (worn)
Jewellery
 d - an amulet of the acrobat
 k - an amulet of magic regeneration (around neck)
 p - a +6 ring of dexterity (left hand)
Wands
 f - a wand of iceblast (25)
 r - a wand of flame (20)
 v - a wand of light (2)
Scrolls
 a - 4 scrolls of fear
 e - 6 scrolls of teleportation
 i - 6 scrolls of identify
 j - 2 scrolls of fog
 l - 2 scrolls of vulnerability
 m - a scroll of enchant weapon
 q - a scroll of silence {unknown}
 s - a scroll of blinking
 t - a scroll of amnesia {unknown}


   Skills:
 + Level 8.0 Fighting
 - Level 2.0 Armour
 - Level 1.5 Dodging
 - Level 1.5 Stealth
 - Level 1.0 Shields
 * Level 13.6 Spellcasting
 - Level 10.0 Necromancy


You had 27 spell levels left.
You knew the following spells:

 Your Spells              Type           Power      Damage    Failure   Level
a - Necrotise             Necr           100%       1d9       1%          1
b - Vampiric Draining     Necr           66%        2d10      1%          3
c - Agony                 Necr           66%        N/A       3%          5

Your spell library contained the following spells:

 Spells                   Type           Power      Damage    Failure   Level
 Animate Dead             Necr           66%        N/A       1%          4
 Apportation              Tloc           24%        N/A       7%          1
 Vhi's Electric Charge    Tloc/Air       24%        N/A       22%         3
 Alistair's Intoxication  Tmut/Pois      8%         N/A       89%         5
 Arcjolt                  Conj/Air       6%         1d16      89%         5
 Summon Hydra             Summ           6%         N/A       100%        7
 Maxwell's Capacitive Co  Air            6%         ∞         100%        8
 Sublimation of Blood     Necr           Unusable   N/A       N/A         2
 Wereblood                Tmut           Unusable   N/A       N/A         2

Dungeon Overview and Level Annotations

Branches:
Dungeon (9/15)             Temple (1/1) D:4             Orc (0/2) D:9
   Lair: D:8-11

Altars:
Dithmenos
Gozag
Hepliaklqana
Makhleb
Nemelex Xobeh
Okawaru
Qazlal
Ru
Sif Muna
Uskayaw
Vehumet
Wu Jian
Xom

Shops:
D:4 (?**=   D:6 (   D:7 **   D:8 [

Annotations:
D:9 Maurice


Innate Abilities, Weirdness & Mutations

Your life essence is reduced to manifest your ancestor. (-10% HP)
You are immune to poison.
Your flesh is cold resistant. (rC+)
You are immune to negative energy. (rN+++)
You are immune to unholy pain and torment.
You are vulnerable to heat. (rF-)
You are in touch with the powers of death.
You do not drink.
You have a special connection with the divine. (Faith)


Message History

You block the two-headed ogre's attack.
Eadwine hits the two-headed ogre with a +0 flail!
You are too injured to fight recklessly!
Casting: Necrotise (safe; 1% risk of failure)
Confirm with . or Enter, or press ? or * to list all spells.
Aiming: Necrotise (safe; 1% risk of failure)
Press: ? - help, Shift-Dir - straight line, f/p - two-headed ogre
Aim: a two-headed ogre, wielding a +0 giant spiked club and a +0 giant club (severely wounded, not watching you, ally target, chance to affect: 70%)
You feel a surge of power! Eadwine avoids your attack.
The two-headed ogre writhes in agony.
Eadwine blocks the two-headed ogre's attack.
The two-headed ogre hits Eadwine but does no damage.
Eadwine hits the two-headed ogre with a +0 flail.
Casting: Necrotise (safe; 1% risk of failure)
Confirm with . or Enter, or press ? or * to list all spells.
Aiming: Necrotise (safe; 1% risk of failure)
Press: ? - help, Shift-Dir - straight line, f/p - two-headed ogre
Aim: a two-headed ogre, wielding a +0 giant spiked club and a +0 giant club (almost dead, ally target, chance to affect: 70%)
You feel a surge of power! Eadwine avoids your attack.
The two-headed ogre writhes in agony!
You kill the two-headed ogre!
The dead are walking!
Your Fighting skill increases to level 8!
You start resting.
Magic restored.
A centaur warrior comes into view.
A centaur warrior is nearby!
The centaur warrior wields a +0 shortbow.
The centaur warrior shoots an arrow.
The arrow closely misses Eadwine.
The arrow hits you!
* * * LOW HITPOINT WARNING * * *
Casting: Necrotise (safe; 1% risk of failure)
Confirm with . or Enter, or press ? or * to list all spells.
Aiming: Necrotise (safe; 1% risk of failure)
Press: ? - help, Shift-Dir - straight line, f - centaur warrior
Aim: a centaur warrior, wielding a +0 shortbow (ally target, chance to affect: 70%)
You feel a surge of power! Eadwine avoids your attack.
The centaur warrior writhes in agony.
The centaur warrior shoots an arrow.
Eadwine blocks the arrow.
The centaur warrior shoots an arrow.
The arrow barely misses Eadwine.
The arrow hits you!
You die...

###..........# #.###...##.##.####
###......^...###...###..#..<.....
.............##......#...#.##.###
.............##..#..###.........#
......#....###......'.###...#...#
##....#....#.#'#...##[..#...##..#
.#......####...###.#...##....#..#
.#.......<#......#####.'.......##
........###..#..@..# ###.......##
8.......##...###.Z## ###.....##
........##..###.).# ###...##
.#....###.... #R.## ###.##
.#....#####......# #..#
##.###...####..c## ##..#
.........######. #..<#
.............### ##.#.#
.............# #..#.#


You could see the friendly Eadwine the knight, a centaur warrior (ally target)
and a friendly two-headed ogre skeleton.

Vanquished Creatures
  2 two-headed ogres (D:9)
  Pikel (D:4)
  A molten gargoyle (D:9)
  A kobold demonologist (D:9)
  Prince Ribbit (D:6)
  Grinder (D:6)
  Sigmund (D:6)
  Eustachio (D:6)
  Menkaure (D:6)
  An acid dragon (D:8)
  A water moccasin (D:6)
  A sky beast (D:7)
  A black bear (D:5)
  Duvessa (D:5)
  An ogre (D:4)
  A lemure (D:4)
  A kobold brigand (D:8)
  A necrophage (D:6)
  2 bullfrogs
  A gnoll sergeant (D:8)
  A scorpion (D:4)
  A wight (D:7)
  Dowan (D:5)
  9 killer bees
  A howler monkey (D:6)
  3 jellies
  2 hounds
  5 orc priests
  5 iguanas
  Ijyb (D:5)
  2 orc wizards (D:4)
  Robin (D:3)
  7 gnolls
  7 adders
  2 dart slugs
  18 orcs
  5 bats
  3 endoplasms
  2 giant cockroaches
  17 goblins
  7 hobgoblins
  2 jackals (D:4)
  2 quokkas
  5 ball pythons
  3 frilled lizards
  9 kobolds
  8 rats
151 creatures vanquished.

Vanquished Creatures (collateral kills)
  A molten gargoyle (D:8)
  A wraith (D:9)
  A yak (D:9)
  A sky beast (D:8)
  An ice beast (D:7)
  2 centaurs
  3 bullfrogs
  A gnoll sergeant (D:8)
  A necrophage (D:7)
  11 wights
  2 killer bees (D:7)
  A howler monkey (D:9)
  A jelly (D:7)
  An orc priest (D:6)
  A gnoll bouda (D:8)
  2 iguanas (D:4)
  An orc wizard (D:8)
  A shadow imp (D:8)
  7 orcs
  2 endoplasms (D:4)
  A goblin (D:3)
  2 kobolds
45 creatures vanquished.

Vanquished Creatures (others)
  4 knights
  4 ancestors
8 creatures vanquished.

Grand Total: 204 creatures vanquished

Notes
Turn   | Place    | Note
-------+----------+-------------------------------------------
     0 | D:1      | oldriver the Mummy Necromancer began the quest for the Orb.
     0 | D:1      | Reached XP level 1. HP: 13/13 MP: 4/4
   265 | D:1      | Reached skill level 3 in Spellcasting
   337 | D:1      | Reached XP level 2. HP: 20/20 MP: 3/6
  1237 | D:2      | Reached skill level 1 in Fighting
  1237 | D:2      | Gained mutation: You are in touch with the powers of death.
                  | [Mummy growth]
  1237 | D:2      | Reached XP level 3. HP: 26/26 MP: 2/8
  1527 | D:2      | Found a shadowy altar of Dithmenos.
  1829 | D:2      | Learned a level 3 spell: Vampiric Draining
  1855 | D:3      | Identified the +1 robe "Icseso" {MP+9 Dex+2}
  1887 | D:3      | Noticed Robin
  1922 | D:3      | Killed Robin
  1923 | D:3      | Reached skill level 4 in Spellcasting
  1923 | D:3      | Reached XP level 4. HP: 32/32 MP: 2/10
  2533 | D:3      | Found a sacrificial altar of Ru.
  3028 | D:4      | Found a radiant altar of Vehumet.
  3078 | D:4      | Reached XP level 5. HP: 38/38 MP: 11/11
  3081 | D:4      | Reached skill level 5 in Necromancy
  3162 | D:4      | Reached skill level 1 in Shields
  3196 | D:4      | Reached skill level 5 in Spellcasting
  3256 | D:4      | Found a staircase to the Ecumenical Temple.
  3360 | Temple   | Entered the Ecumenical Temple
  3569 | Temple   | Became a worshipper of Hepliaklqana the Forgotten
  3722 | D:4      | Reached XP level 6. HP: 46/46 MP: 13/13
  3810 | D:4      | You fall into a shaft and drop 3 floors!
  3812 | D:7      | Noticed an ice beast
  3858 | D:6      | Noticed a water moccasin
  3866 | D:6      | Killed a water moccasin
  3867 | D:6      | Reached skill level 6 in Spellcasting
  3897 | D:6      | Reached XP level 7. HP: 52/52 MP: 16/16
  3934 | D:6      | Found Ruoh's Weapon Shop.
  3937 | D:6      | Noticed Grinder
  3948 | D:6      | Killed Grinder
  4057 | D:6      | Noticed Menkaure
  4210 | D:6      | Noticed Sigmund
  4241 | D:5      | Entered Level 5 of the Dungeon
  4241 | D:5      | Reached * piety under Hepliaklqana
  4321 | D:5      | Noticed Ijyb
  4328 | D:5      | Killed Ijyb
  4329 | D:5      | Reached skill level 7 in Spellcasting
  4390 | D:5      | Noticed Pikel
  4452 | D:4      | Found Ejodezan's Jewellery Shop.
  4798 | D:4      | Found Lukhlim's Weapon Shop.
  4880 | D:4      | Found a shimmering altar of Xom.
  4905 | D:4      | Reached XP level 8. HP: 54/54 MP: 19/19
  4937 | D:4      | Found Vunla's General Store.
  4967 | D:4      | Found Igaonk's Assorted Antiques.
  5153 | D:4      | Found Guiqome's Magic Scroll Emporium.
  5157 | D:4      | Bought a scroll of teleportation for 39 gold pieces
  5341 | D:4      | Killed Pikel
  5342 | D:4      | Reached skill level 8 in Spellcasting
  5457 | D:5      | Noticed Duvessa
  5457 | D:5      | Noticed Dowan
  5466 | D:5      | Killed Duvessa
  5470 | D:5      | Killed Dowan
  5524 | D:5      | Reached skill level 9 in Spellcasting
  5877 | D:6      | Reached skill level 5 in Fighting
  5899 | D:6      | Killed Menkaure
  5900 | D:6      | Reached XP level 9. HP: 28/61 MP: 22/22
  6043 | D:6      | Killed Sigmund
  6114 | D:6      | Noticed Prince Ribbit
  6116 | D:6      | Noticed Eustachio
  6278 | D:6      | Killed Eustachio
  6294 | D:6      | Killed Prince Ribbit
  6295 | D:6      | Reached skill level 10 in Spellcasting
  6373 | D:6      | Reached ** piety under Hepliaklqana
  6374 | D:6      | Remembered your ancestor Eadwine as a knight
  6754 | D:7      | Found Yroalit's General Store.
  6757 | D:7      | Found Gasijahu's Specific Store.
  7376 | D:6      | Learned a level 5 spell: Agony
  7538 | D:7      | Reached *** piety under Hepliaklqana
  8058 | D:8      | Found a burning altar of Makhleb.
  8271 | D:8      | Reached skill level 11 in Spellcasting
  8335 | D:8      | Reached XP level 10. HP: 68/68 MP: 25/25
  8344 | D:8      | Reached skill level 1 in Armour
  8360 | D:8      | Reached skill level 10 in Necromancy
  8526 | D:8      | Found Ypuru's Antique Armour Emporium.
  8541 | D:8      | Bought a pair of boots for 112 gold pieces
  9189 | D:9      | Reached **** piety under Hepliaklqana
  9387 | D:9      | Identified the +0 ring mail of Hinoutz {Dex+4 SInv}
  9390 | D:9      | Noticed a molten gargoyle
  9542 | D:9      | Reached skill level 12 in Spellcasting
  9752 | D:9      | Noticed Maurice
  9754 | D:9      | Noticed a two-headed ogre
  9808 | D:9      | Found a staircase to the Orcish Mines.
  9852 | D:9      | Noticed a two-headed ogre
  9869 | D:9      | Killed a two-headed ogre
  9977 | D:9      | Killed a molten gargoyle
  9978 | D:9      | Reached skill level 13 in Spellcasting
  9997 | D:9      | Noticed a molten gargoyle
  9998 | D:9      | Noticed a molten gargoyle
  9999 | D:9      | Noticed a molten gargoyle
 10193 | D:8      | Killed a molten gargoyle
 10288 | D:9      | Killed a two-headed ogre
 10290 | D:9      | Noticed a centaur warrior
 10292 | D:9      | Shot with an arrow by a centaur warrior

Illustrated notes

Levels and vault maps discovered:
D:1:      dpeg_cavernosity, layout_loops_ring
D:2:      layout_rooms, basic_altar, minmay_misc_feat_rows
D:3:      layout_basic, hangedman_ru_absence, minmay_close_crescents, uniq_robin
D:4:      minmay_octagon_keep, layout_basic, kennysheep_mini,
          general_overflow_altar, minmay_temple_entry_sparse_star, serial_shops,
          nicolae_shop_advertising_works [nicolae_subvault_shop_adworks],
          nicolae_shop_behind_doors, nicolae_shop_stone, nicolae_lakefront_shop,
          shop
D:5:      layout_cave_pools, uniq_ijyb, uniq_pikel, uniq_duvessa
D:6:      layout_basic, nicolae_inconvenience_store, serial_bayou_pond_a,
          uniq_eustachio, uniq_menkaure, uniq_sigmund, uniq_prince_ribbit1,
          uniq_grinder
D:7:      layout_layer_cave, nicolae_specific_store
D:8:      layout_loops_corners, lightli_temple_of_fire, serial_shops, shop,
          minmay_fractal_squares_diagonal_5
D:9:      minmay_slanted_spiral_squares, layout_basic, david_orc_2,
          serial_rivers, chequers_serial_rivers_micro_c,
          chequers_serial_rivers_room_a, chequers_serial_rivers_large_a,
          chequers_serial_rivers_room_a, minivault_8, uniq_maurice
Temple:   grunt_temple_mini_profane

Skill      XL: |  1  2  3  4  5  6  7  8  9 10 |
---------------+-------------------------------+-----
Spellcasting   | 3 4 5 6 7 9 11 13 | 13.6
Fighting       | 1 2 3 5 6 8 |  8.0
Necromancy     | 5 6 7 8 9 10 | 10.0
Shields        | 1 |  1.0
Armour         | 2 |  2.0
Dodging        | |  1.5
Stealth        | |  1.5

Action                   |  1- 3 |  4- 6 |  7- 9 | 10-12 || total
-------------------------+-------+-------+-------+-------++-------
Melee: Whip              |     7 |     7 |    20 |    22 ||    56
 Cast: Necrotise         |    80 |    95 |   163 |    98 ||   436
       Vampiric Draining |       |     2 |    15 |     8 ||    25
Invok: Recall Ancestor   |       |       |     1 |     1 ||     2
       Ancestor Life: Kn |       |       |     1 |       ||     1
Evoke: Wand              |       |     2 |     5 |     6 ||    13
  Use: Scroll            |       |     7 |     2 |       ||     9
Armor: Robe              |     2 |     3 |    14 |    24 ||    43
Dodge: Dodged            |    18 |    10 |    36 |    48 ||   112
Block: Buckler           |       |     3 |    18 |    22 ||    43

Table legend: (Time is in decaauts)
 A = Elapsed time spent in this place.
 B = Non-inter-level travel time spent in this place.
 C = Inter-level travel time spent in this place.
 D = Time resting spent in this place.
 E = Time spent auto-exploring this place.
 F = Levels seen in this place.
 G = Mean time per level.
                   A        B        C        D        E       F      G
               +--------+--------+--------+--------+--------+-----+--------+
         Total |  10330 |   9864 |    466 |    772 |   7344 |  10 | 1033.0 |
       Dungeon |  10105 |   9677 |    428 |    772 |   7161 |   9 | 1122.8 |
        Temple |    224 |    186 |     38 |      0 |    183 |   1 |  224.0 |
               +--------+--------+--------+--------+--------+-----+--------+

Top non-repeatable levels by time:
     D:4: 1635 daAuts
     D:7: 1445 daAuts
     D:8: 1371 daAuts
     D:1: 1232 daAuts
     D:6: 1131 daAuts
     D:3: 1113 daAuts
     D:9: 928 daAuts
     D:5: 630 daAuts
     D:2: 616 daAuts
  Temple: 224 daAuts
